 Dungeon Crawl Stone Soup version 0.29.1-1-gd02db6906a (webtiles) character file.

Game seed: 3816356914275595509

235 Demigod47 the Covered (level 5, -2/47 HPs)
             Began as a Minotaur Fighter on Oct 11, 2022.
             Killed from afar by an orc wizard (5 damage)
             ... with a puff of flame
             ... on level 3 of the Dungeon.
             The game lasted 00:06:26 (3662 turns).

Demigod47 the Covered (Minotaur Fighter)            Turns: 3662, Time: 00:06:26

Health: -2/47      AC:  8    Str: 20 (21) XL:     5   Next: 76%
Magic:  4/4        EV:  9    Int:  4 (5)  God:
Gold:   156        SH:  4    Dex:  5 (7)  Spells: 4/4 levels left

rFire   . . .      SeeInvis .   a - +0 flail
rCold   . . .      Faith    .   c - +0 buckler
rNeg    . . .      Spirit   .   b - +0 scale mail
rPois   .          Reflect  .   (helmet restricted)
rElec   .          Harm     .   (no cloak)
rCorr   .          Rampage  .   (no gloves)
Will    .....      Clarity  +   t - +0 pair of boots
Stlth   ..........              (no amulet)
HPRegen 0.15/turn               (no ring)
MPRegen 0.09/turn               (no ring)

@: no status effects
A: horns 2, retaliatory headbutt, clarity, clumsy 1, weak 1
a: no special abilities


You were on level 3 of the Dungeon.
You visited 1 branch of the dungeon, and saw 3 of its levels.

You collected 156 gold pieces.

Inventory:

Hand Weapons
 a - a +0 flail (weapon)
Armour
 b - a +0 scale mail (worn)
 c - a +0 buckler (worn)
 t - a +0 pair of boots (worn)
Wands
 q - a wand of flame (17)
Scrolls
 e - a scroll of enchant weapon {unknown}
 f - a scroll of immolation {unknown}
 h - a scroll of amnesia
 i - a scroll of identify {unknown}
 j - 2 scrolls of vulnerability
 k - a scroll of noise {unknown}
 l - a scroll of magic mapping {unknown}
 m - a scroll of brand weapon {unknown}
 o - a scroll of butterflies {unknown}
 p - a scroll of teleportation {unknown}
 s - a scroll of poison {unknown}
Potions
 g - 3 potions of curing


   Skills:
 + Level 4.5 Fighting
 * Level 4.8 Maces & Flails
 + Level 5.2 Armour
 + Level 0.9 Dodging
 + Level 0.2 Stealth
 + Level 4.4 Shields


You had 4 spell levels left.
You didn't know any spells.
Your spell library was empty.

Dungeon Overview and Level Annotations

Branches:
Dungeon (3/15)

Altars:
The Shining One

Annotations:
D:3 Earthwalker's ghost, weakling MiFi


Innate Abilities, Weirdness & Mutations

You have a pair of horns on your head.
You reflexively headbutt those who attack you in melee.
You possess an exceptional clarity of mind.
You are clumsy. (Dex -2)
You are weak. (Str -2)


Message History

You barely miss something. The orc closely misses you.
Something hits you but does no damage.
You closely miss something. The orc closely misses you.
Something hits you but does no damage.
You miss something. The orc hits you with a +0 morningstar!
Something hits you but does no damage.
You barely miss something. The orc hits you with a +0 morningstar.
Something hits you.
* * * LOW HITPOINT WARNING * * *
You miss something. The orc completely misses you. You furiously retaliate!
You headbutt the orc!
You kill the orc!
Something hits you.
* * * LOW HITPOINT WARNING * * *
You hear some strange, mumbled words.
A magic dart appears from out of thin air!
The magic dart hits you.
* * * LOW HITPOINT WARNING * * *
You barely miss something. Something hits you.
* * * LOW HITPOINT WARNING * * *
You barely miss something. Your headbutt misses something.
You hear some strange, mumbled words.
A magic dart appears from out of thin air!
The magic dart hits you.
* * * LOW HITPOINT WARNING * * *
You miss something. Something hits you.
* * * LOW HITPOINT WARNING * * *
You hit something.
You hear some strange, mumbled words.
Something tries to affect you, but you resist.
You miss something. Your headbutt misses something.
Something hits you but does no damage. Something completely misses you.
You barely miss something. Something hits you but does no damage.
You miss something. Your headbutt misses something.
Something hits you but does no damage.
You miss something.
You hear some strange, mumbled words.
A puff of flame appears from out of thin air!
The puff of flame hits you.
You die...

....#
#.##.[#.........#..........
....#
#.##..##8.WKgK8##..........
....#
#.##...#########.....##.###
....###†.........©.......#
#. .......†................
# ##
...####.##....##..##.#.#.#.#
..####...#.#[##......#......
### #..........)##.........#
##...###....@{.......###
##.## ############### #.#
..# ####


There were no monsters in sight!

Vanquished Creatures
  Natasha (twice) (D:2 D:1)
  Terence (D:3)
  3 gnolls
  6 adders
  A worm (D:2)
  6 dart slugs
  3 orcs (D:3)
  4 endoplasms
  2 giant cockroaches (D:2)
  3 goblins
  5 hobgoblins
  3 jackals
  2 quokkas
  5 ball pythons
  7 bats
  3 frilled lizards
  4 kobolds
  3 rats
63 creatures vanquished.

Notes
Turn   | Place    | Note
-------+----------+-------------------------------------------
     0 | D:1      | Demigod47 the Minotaur Fighter began the quest for the Orb.
     0 | D:1      | Reached XP level 1. HP: 19/19 MP: 0/0
   160 | D:1      | Reached XP level 2. HP: 25/27 MP: 1/1
   311 | D:1      | Reached skill level 4 in Armour
   496 | D:1      | Found a faded altar of an unknown god.
   625 | D:1      | Reached XP level 3. HP: 33/33 MP: 2/2
  1548 | D:2      | Reached XP level 4. HP: 22/40 MP: 3/3
  2435 | D:2      | Noticed Natasha
  2440 | D:2      | Killed Natasha
  2441 | D:2      | Reached XP level 5. HP: 44/47 MP: 4/4
  2718 | D:2      | Noticed Natasha
  2721 | D:2      | Gained mutation: You are clumsy. (Dex -2) [potion of
                  | mutation]
  2721 | D:2      | Gained mutation: You are weak. (Str -2) [potion of
                  | mutation]
  2721 | D:2      | Gained mutation: You possess an exceptional clarity of
                  | mind. [potion of mutation]
  2741 | D:1      | Killed Natasha
  2742 | D:1      | Reached skill level 5 in Armour
  3054 | D:3      | Noticed Terence
  3077 | D:3      | HP: 2/47 [Terence/+2 hand axe of flaming (2)]
  3078 | D:3      | Killed Terence
  3512 | D:3      | Found a glowing golden altar of the Shining One.
  3631 | D:3      | Noticed Earthwalker's ghost (weakling MiFi)
  3662 | D:3      | Killed from afar by an orc wizard

Illustrated notes

Levels and vault maps discovered:
D:1:      dpeg_arrival_water_fire, layout_basic,
          ebering_ecumenical_altar_abandoned
D:2:      minmay_skewed_foursquare, layout_basic, uniq_natasha
D:3:      layout_loops_ring, tso_metal_star, gammafunk_ghost_arena, uniq_terence

Skill      XL: |  1  2  3  4  5 |
---------------+----------------+-----
Fighting       | 4 |  4.5
Armour         | 4 5 |  5.2
Shields        | 4 |  4.4
Maces & Flails | 3 4 |  4.8
Dodging        | |  0.9
Stealth        | |  0.2

Action                   |  1- 3 |  4- 6 || total
-------------------------+-------+-------++-------
Melee: Flail             |    76 |   120 ||   196
       Headbutt          |    12 |    12 ||    24
  Use: Potion            |       |     9 ||     9
       Scroll            |       |     2 ||     2
Armor: Scale mail        |    50 |    65 ||   115
Dodge: Dodged            |    51 |    65 ||   116
Block: Buckler           |    26 |    30 ||    56
